 Dungeon Crawl Stone Soup version 0.17-a0-977-g4154171 (webtiles) character file.

548 Hanyuu the Insei (level 7, -1/43 HPs)
             Began as an Octopode Transmuter on May 10, 2015.
             Splashed by a jelly's acid (15 damage)
             ... on level 5 of the Dungeon.
             The game lasted 00:08:36 (4609 turns).

Hanyuu the Insei (Octopode Transmuter)              Turns: 4609, Time: 00:08:36

Health: -1/43      AC:  1    Str:  9    XL:     7   Next: 28%
Magic:  9/10       EV: 12    Int: 17    God:
Gold:   201        SH:  0    Dex: 13    Spells: 3 memorised, 4 levels left

rFire  . . .     SeeInvis .     r - staff of summoning (curse)
rCold  . . .     Clarity  .     (no shield)
rNeg   . . .     SustAb   .     (helmet restricted)
rPois  .         Gourm    .     e - amulet of rage
rElec  .         Spirit   .     (no ring)
rCorr  .         Warding  +     (no ring)
rMut   .         Stasis   .     (no ring)
MR     .....                    (no ring)
Stlth  ++........               (no ring)
                                (no ring)
                                (no ring)
                                (no ring)

@: not resistant to hostile enchantments, unstealthy
A: almost no armour, amphibious, 8 rings, constrict 8, camouflage 1, gelatinous
body 1
a: Evoke Berserk Rage


You were on level 5 of the Dungeon.
You were not hungry.

You visited 1 branch of the dungeon, and saw 5 of its levels.

You collected 201 gold pieces.

Inventory:

Hand weapons
 a - a +1 blowgun
Missiles
 j - 10 poisoned arrows
 n - 30 poisoned needles
 o - 57 arrows
 q - 5 tomahawks (quivered)
Magical staves
 r - a cursed staff of summoning (weapon)
Jewellery
 e - an amulet of rage (around mantle)
Potions
 d - 2 potions of curing
 f - a potion of poison {unknown}
 h - a potion of magic {unknown}
 i - a potion of ambrosia
 k - a potion of berserk rage {unknown}
 m - a potion of lignification {unknown}
Books
 b - a book of Changes

   Spells                             Type                      Level
   a - Beastly Appendage              Transmutation                1
   b - Sticks to Snakes               Transmutation                2
   c - Spider Form                    Transmutation/Poison         3
   d - Ice Form                       Ice/Transmutation            4
   e - Blade Hands                    Transmutation                5
Comestibles
 c - 5 bread rations
 l - a meat ration


   Skills:
 - Level 1.0 Fighting
 - Level 2.0 Dodging
 * Level 7.5 Unarmed Combat
 - Level 2.0 Spellcasting
 + Level 3.6 Transmutations


You had 4 spell levels left.
You knew the following spells:

 Your Spells              Type           Power        Failure   Level  Hunger
a - Beastly Appendage     Trmt           ##....       4%          1    #......
b - Sticks to Snakes      Trmt           ##........   10%         2    ###....
c - Spider Form           Trmt/Pois      #.........   30%         3    ###....


Dungeon Overview and Level Annotations

Branches:
Dungeon (5/15)
 Temple: D:4-7

Altars:


Innate Abilities, Weirdness & Mutations

You cannot wear most types of armour.
You are amphibious.
You can wear up to eight rings at the same time.
You can use your tentacles to constrict eight enemies at once.
Your skin changes colour to match your surroundings (Stealth).
Your rubbery body absorbs attacks (AC +1).


Message History

The jackal closely misses you. The jackal completely misses you.
You closely miss the jackal.
The jackal is almost dead.
You kill the jackal!
Your transformation has ended.
Your cursed staff of summoning unmelds from your body.
You see here a jackal corpse.
The jelly misses you.
You hit the jelly.
The jelly is lightly wounded.
The jelly hits you.
You are splashed with acid!
The acid burns!
A jackal comes into view.
You barely miss the jelly.
The jelly is lightly wounded.
The jackal moves out of view.
The jelly hits you.
You are splashed with acid!
The acid burns!
You hit the jelly. You squeeze the jelly.
The jelly is severely wounded.
The jelly hits you.
You are splashed with acid!
The acid burns!
You die...

.. ... # #... .#
#...######.
#......... #
.........# ### ..
#.....J..# #<# #.##
#......@.# #)#....#
........†###......#
####.##.....##.##.#
# #.###.# .# #.#
#.# # #.# #.# #.#
#.. #.# ### #.


You could see a jelly.

Vanquished Creatures
  Edmund (D:4)
  An ogre (D:5)
  A giant frog (D:4)
  A giant frog skeleton (D:4)
  An orc wizard (D:4)
  Jessica (D:3)
  2 worker ants (D:4)
  An iguana (D:4)
  4 adders
  A gnoll (D:1)
  2 worms
  4 giant geckos
  8 orcs
  A bat skeleton (D:4)
  4 giant cockroaches
  7 hobgoblins
  7 jackals
  2 quokkas
  A ball python (D:1)
  6 bats
  2 giant newts
  7 goblins
  A jackal skeleton (D:4)
  8 kobolds
  A quokka skeleton (D:4)
  9 rats
84 creatures vanquished.

Notes
Turn   | Place    | Note
--------------------------------------------------------------
     0 | D:1      | Hanyuu, the Octopode Transmuter, began the quest for the Orb.
     0 | D:1      | Reached XP level 1. HP: 13/13 MP: 3/3
    13 | D:1      | Reached XP level 2. HP: 13/18 MP: 5/5
   159 | D:1      | Reached skill level 4 in Unarmed Combat
   260 | D:1      | Reached XP level 3. HP: 19/23 MP: 6/6
   269 | D:1      | Learned a level 2 spell: Sticks to Snakes
  1325 | D:2      | Reached XP level 4. HP: 7/28 MP: 7/7
  1581 | D:2      | You fall through a shaft for 2 floors!
  1601 | D:4      | Reached skill level 5 in Unarmed Combat
  1974 | D:3      | Noticed Jessica
  2149 | D:3      | Killed Jessica
  2149 | D:3      | Reached XP level 5. HP: 21/33 MP: 8/8
  2406 | D:2      | Learned a level 3 spell: Spider Form
  3130 | D:4      | Reached skill level 6 in Unarmed Combat
  3480 | D:4      | Noticed a giant frog
  3490 | D:4      | Killed a giant frog
  3490 | D:4      | Reached XP level 6. HP: 14/38 MP: 9/9
  3617 | D:4      | Noticed Edmund
  3659 | D:4      | Killed Edmund
  3754 | D:4      | Reached skill level 7 in Unarmed Combat
  3875 | D:4      | Reached XP level 7. HP: 37/43 MP: 8/10
  4263 | D:5      | Entered Level 5 of the Dungeon
  4609 | D:5      | Splashed by a jelly's acid

Vault maps used:
D:1:      saegor_arrival_simple_a
D:2:      minmay_item_behind_shaft
D:3:      uniq_jessica
D:4:      first_bread, uniq_edmund
D:5:      lemuel_coloured_pillars_altar, old_standard_altar,
          nicolae_overflow_hidden_temple, grunt_temple_overflow_open

Action                   |  1- 3 |  4- 6 |  7- 9 || total
-------------------------+-------+-------+-------++-------
Melee: Unarmed           |    80 |    46 |    12 ||   138
       Staff             |       |    70 |    14 ||    84
 Fire: Blowgun           |       |     1 |       ||     1
Throw: Tomahawk          |       |     2 |       ||     2
 Cast: Beastly Appendage |     1 |     2 |       ||     3
       Spider Form       |       |     2 |     2 ||     4
  Use: Scroll            |     3 |     5 |       ||     8
 Stab: Sleeping          |     4 |     4 |       ||     8
  Eat: Chunk             |     1 |     3 |     1 ||     5
       Meat ration       |       |     1 |     1 ||     2
